 Dungeon Sprint DCSS version 0.22-a0-348-gd16d139 (webtiles) character file.

46455 emperorscorpion the Phalangite (level 14, -3/162 HPs)
             Began as a Minotaur Berserker on Apr 7, 2018.
             Was a High Priest of Trog.
             Slain by Ereshkigal (21 damage)
             ... in the Dungeon (Sprint IX: "|||||||||||||||||||||||||||||").
             The game lasted 00:23:18 (1863 turns).

emperorscorpion the Phalangite (Minotaur Berserker) Turns: 1863, Time: 00:23:18

Health: -3/162     AC: 22    Str: 26    XL:     14   Next: 4%
Magic:  14/14      EV: 15    Int: 10    God:    Trog [*****.]
Gold:   45         SH:  0    Dex: 13    Spells: 13/13 levels left

rFire    . . .     SeeInvis .   p - +4 glaive "Waxiddiff" {venom, Dex+2}
rCold    . . .     Gourm    .   (shield currently unavailable)
rNeg     . . .     Faith    .   y - +6 chain mail of Vampiric Thralls {Regen+}
rPois    .         Spirit   .   (helmet restricted)
rElec    .         Reflect  .   (no cloak)
rCorr    .         Harm     .   q - +0 pair of gloves
MR       +....     NoTele   +   r - +0 pair of boots
Stlth    ..........             (no amulet)
HPRegen  0.77/turn              t - +3 ring of intelligence
MPRegen  0.14/turn              u - +3 ring of intelligence

@: berserk cooldown, slowed, silenced, heavily drained, very slow
A: retaliatory headbutt, horns 2
a: Renounce Religion


You were in the Dungeon.
You worshipped Trog.
Trog was extremely pleased with you.
You were not hungry.

You visited 1 branch You collected 1916 gold pieces.
You spent 1871 gold pieces at shops.

Inventory:

Hand Weapons
 a - a +2 glaive of chopping
 b - the +11 arbalest of Youthful Indiscretion {freeze, *Slow Int+6 Stlth+}
   (You bought it in a shop in the Dungeon)

   It causes projectiles fired from it to freeze those they strike, causing
   extra injury to most foes and up to half again as much damage against
   particularly susceptible opponents.
   They can also slow down cold-blooded creatures.
   It affects your intelligence (+6).
   It may slow you when you take damage.
   It makes you more stealthy.
 p - the +4 glaive "Waxiddiff" (weapon) {venom, Dex+2}
   (Trog gifted it to you in the Dungeon)

   It poisons the flesh of those it strikes.
   It affects your dexterity (+2).
 F - a +4 bardiche of venom
 Q - the +5 morningstar "Naihaf" {holy, rPois MR- SInv Stlth+}
   (You found it in the Dungeon)

   It has been blessed by the Shining One to cause great damage to the undead
   and demons.
   It protects you from poison.
   It affects your resistance to hostile enchantments.
   It lets you see invisible.
   It makes you more stealthy.
 Z - a +1 antimagic glaive
Missiles
 j - 2 tomahawks of dispersal
 k - 6 javelins of penetration
 H - 3 tomahawks
 I - 18 bolts
 X - 23 javelins (quivered)
Armour
 q - a +0 pair of gloves (worn)
 r - a +0 pair of boots (worn)
 s - a +1 scale mail
 y - the +6 chain mail of Vampiric Thralls (worn) {Regen+}
   (You found it in the Dungeon)

   It increases your rate of regeneration.
 J - a +0 animal skin
 R - a +1 cloak
 S - a +1 pair of boots
 T - the +0 leather armour of the Ageless Spirits {+Inv rN+ Str+3 Dex+7}
   (You found it in the Dungeon)

   It affects your strength (+3).
   It affects your dexterity (+7).
   It protects you from negative energy.
   It lets you turn invisible.
 U - a +2 plate armour
 Y - +0 swamp dragon scales
Magical Staves
 o - an uncursed staff of energy
Jewellery
 t - a +3 ring of intelligence (left hand)
 u - a +3 ring of intelligence (right hand)
 K - an uncursed ring of see invisible
 N - an uncursed ring of protection from fire
 O - an uncursed ring of ice
 P - an uncursed ring of protection from fire
Wands
 n - a wand of acid (7)
 E - a wand of digging (11)
Scrolls
 i - 4 scrolls of blinking
 m - 4 scrolls of remove curse
 x - 5 scrolls of enchant armour
 z - 2 scrolls of fog
 A - 2 scrolls of identify
 B - 5 scrolls of enchant weapon
 L - a scroll of magic mapping
 M - 2 scrolls of immolation
Potions
 d - 3 potions of curing
 g - 4 potions of magic
 h - a potion of berserk rage
 l - a potion of invisibility
 v - a potion of brilliance
 w - 3 potions of might
 V - a potion of agility
Comestibles
 c - 11 rations


   Skills:
 + Level 25.0(22.4) Fighting
 - Level 26.0(23.4) Polearms
 + Level 1.3(0.0) Throwing
 * Level 17.2(15.1) Armour
 * Level 12.7(10.8) Dodging
 + Level 4.7(3.1) Stealth
 + Level 2.5(1.0) Evocations


You had 13 spell levels left.
You didn't know any spells.

Dungeon Overview and Level Annotations

Branches:
Dungeon (1/1)

Altars:
Cheibriados
Dithmenos
Elyvilon
Fedhas
Gozag
Hepliaklqana
Kikubaaqudgha
Makhleb
Nemelex Xobeh
Okawaru
Qazlal
Ru
Sif Muna
Trog
Uskayaw
Vehumet
Wu Jian
Xom
Yredelemnul
Zin
The Shining One
Beogh
Jiyva
Lugonu

Shops:
D (???

Annotations:
D Ereshkigal


Innate Abilities, Weirdness & Mutations

You reflexively headbutt those who attack you in melee.
You have a pair of horns on your head.


Message History

Ereshkigal hits you!!
* * * LOW HITPOINT WARNING * * *
Ereshkigal hits you!!
* * * LOW HITPOINT WARNING * * *
You feel drained.
* * * LOW HITPOINT WARNING * * *
Unknown command.
You feel much better. Ereshkigal hits you!
* * * LOW HITPOINT WARNING * * *
Ereshkigal completely misses you. You furiously retaliate!
You headbutt Ereshkigal, but do no damage.
You feel better.
The wizard no longer looks unusually strong.
Ereshkigal hits you!!
* * * LOW HITPOINT WARNING * * *
Ereshkigal barely misses you.
Unknown command.
You feel better. Ereshkigal closely misses you. You furiously retaliate!
You headbutt Ereshkigal! Ereshkigal hits you!!
You die...

........................▓
▓▓▓▓▓▓▓▓▓▓▓▓▓▓▓▓▓▓▓▓▓▓▓.▓
..))))))).....'.........▓
▓▓▓▓▓▓▓▓▓▓▓▓▓▓▓▓▓▓▓▓▓▓▓▓▓
........................▓
▓▓▓▓▓▓▓▓▓▓▓▓▓▓▓▓▓▓▓▓▓▓▓.▓
)....))))...............▓
▓▓▓▓▓▓▓▓▓▓▓▓▓▓▓▓▓▓▓▓▓▓▓▓▓
................@&Qpp*c.▓
▓▓▓▓▓▓▓▓▓▓▓▓▓▓▓▓▓▓▓▓▓▓▓)▓
(())(()((..(....Q.......▓
▓▓▓▓▓▓▓▓▓▓▓▓▓▓▓▓▓▓▓▓▓▓▓▓▓


You could see Ereshkigal, a tengu reaver, a yaktaur captain, an ironbrand
convoker, a wizard and a battlesphere.

Vanquished Creatures
  Sojobo (D)
  A golden dragon (D)
  Rupert (D)
  A sphinx (D)
  A nagaraja (D)
  A stone giant (D)
  A deep elf annihilator (D)
  An ettin (D)
  A merfolk javelineer (D)
  Harold (D)
  2 hydras (D)
  A centaur warrior (D)
  A merfolk avatar (D)
  3 ogre magi (D)
  A merfolk aquamancer (D)
  A two-headed ogre (D)
  A tengu warrior (D)
  2 deep troll earth magi (D)
  An orc high priest (D)
  Nergalle (D)
  A sea snake (D)
  An ironbrand convoker (D)
  3 orc knights (D)
  An ugly thing (D)
  3 black mambas (D)
  A water nymph (D)
  A guardian serpent (D)
  A gargoyle (D)
  2 spiny frogs (D)
  A komodo dragon (D)
  A demonic crawler (D)
  A merfolk (D)
  A jumping spider (D)
  2 tyrant leeches (D)
  A troll (D)
  3 blink frogs (D)
  2 bog bodies (D)
  A snapping turtle (D)
  2 basilisks (D)
  A hungry ghost (D)
  Grum (D)
  2 vampire mosquitoes (D)
  3 nagas (D)
  3 water moccasins (D)
  A porcupine (D)
  6 orc warriors (D)
  A sky beast (D)
  An ogre (D)
  4 wolves (D)
  2 centaurs (D)
  2 bullfrogs (D)
  A killer bee (D)
  3 crimson imps (D)
  5 orc priests (D)
  5 orc wizards (D)
  A worker ant (D)
  An adder (D)
  An adder zombie (D)
  A dart slug (D)
  5 orcs (D)
  A ball python (D)
  A bat skeleton (D)
  A bat zombie (D)
  2 goblins (D)
  A bat (D)
  A frilled lizard (D)
110 creatures vanquished.

Vanquished Creatures (collateral kills)
  A frost giant (D)
  A stone giant (D)
  A very ugly thing (D)
  2 ettins (D)
  A great orb of eyes (D)
  A rakshasa (D)
  2 ogre magi (D)
  A deep troll shaman (D)
  2 centaur warriors (D)
  An alligator (D)
  6 orc high priests (D)
  A naga ritualist (D)
  A swamp dragon (D)
  2 orb spiders (D)
  5 orc knights (D)
  2 wolf spiders (D)
  An ugly thing (D)
  A black mamba (D)
  A water nymph (shapeshifter) (D)
  2 torpor snails (D)
  2 spiny frogs (D)
  A guardian mummy (D)
  A demonic crawler (D)
  A troll (D)
  4 slime creatures (D)
  A wind drake (shapeshifter) (D)
  A hippogriff (D)
  A bog body (D)
  A tarantella (D)
  A porcupine (D)
  3 orc warriors (D)
  A centaur (D)
  A wolf (D)
  A crocodile (D)
  A crimson imp (D)
56 creatures vanquished.

Vanquished Creatures (others)
  A vampire mage (D)
1 creature vanquished.

Grand Total: 167 creatures vanquished

Notes
Turn   | Place    | Note
-------+----------+-------------------------------------------
     0 | D        | emperorscorpion the Minotaur Berserker began the quest for the Orb.
     0 | D        | Reached XP level 1. HP: 19/19 MP: 0/0
     5 | D        | Reached skill level 4 in Polearms
    11 | D        | Reached ** piety under Trog
    21 | D        | Noticed a worker ant
    21 | D        | Noticed a crimson imp
    27 | D        | Killed a crimson imp
    27 | D        | Reached skill level 6 in Polearms
    27 | D        | Reached XP level 2. HP: 30/30 MP: 1/1
    27 | D        | Reached XP level 3. HP: 37/37 MP: 2/2
    30 | D        | Reached *** piety under Trog
    32 | D        | Received a gift from Trog
    36 | D        | Reached skill level 7 in Polearms
    36 | D        | Reached XP level 4. HP: 45/45 MP: 3/3
    49 | D        | Found a roughly hewn altar of Beogh.
    49 | D        | Found a snail-covered altar of Cheibriados.
    49 | D        | Found a shadowy altar of Dithmenos.
    49 | D        | Found a white marble altar of Elyvilon.
    49 | D        | Found a blossoming altar of Fedhas.
    49 | D        | Found an opulent altar of Gozag.
    50 | D        | Found a hazy altar of Hepliaklqana.
    51 | D        | Found a viscous altar of Jiyva.
    52 | D        | Found an ancient bone altar of Kikubaaqudgha.
    53 | D        | Found a corrupted altar of Lugonu.
    54 | D        | Found a burning altar of Makhleb.
    55 | D        | Found a sparkling altar of Nemelex Xobeh.
    56 | D        | Found an iron altar of Okawaru.
    57 | D        | Found a stormy altar of Qazlal.
    58 | D        | Found a sacrificial altar of Ru.
    59 | D        | Found a deep blue altar of Sif Muna.
    60 | D        | Found a bloodstained altar of Trog.
    61 | D        | Found a hide-covered altar of Uskayaw.
    62 | D        | Found a radiant altar of Vehumet.
    63 | D        | Found an ornate altar of the Wu Jian Council.
    64 | D        | Found a shimmering altar of Xom.
    65 | D        | Found a basalt altar of Yredelemnul.
    66 | D        | Found a glowing silver altar of Zin.
    67 | D        | Found a glowing golden altar of the Shining One.
   119 | D        | Noticed a centaur
   119 | D        | Noticed an ogre
   119 | D        | Noticed a two-headed ogre
   119 | D        | Noticed a hungry ghost
   121 | D        | Killed a hungry ghost
   121 | D        | Reached skill level 9 in Polearms
   121 | D        | Reached XP level 5. HP: 57/57 MP: 4/4
   121 | D        | Killed an ogre
   121 | D        | Reached **** piety under Trog
   121 | D        | Reached skill level 10 in Polearms
   121 | D        | Reached skill level 5 in Armour
   121 | D        | Reached XP level 6. HP: 66/66 MP: 5/5
   123 | D        | Killed a two-headed ogre
   123 | D        | Reached skill level 13 in Polearms
   123 | D        | Reached XP level 7. HP: 70/78 MP: 6/6
   131 | D        | Reached XP level 8. HP: 71/85 MP: 7/7
   142 | D        | Noticed a troll
   142 | D        | Noticed a slime creature
   142 | D        | Noticed a red ugly thing
   146 | D        | Killed a red ugly thing
   146 | D        | Reached skill level 14 in Polearms
   149 | D        | Killed a slime creature
   151 | D        | Received a gift from Trog
   153 | D        | Killed a troll
   155 | D        | Reached ***** piety under Trog
   155 | D        | Reached skill level 15 in Polearms
   258 | D        | Got the +6 chain mail of Vampiric Thralls {Regen+}
   280 | D        | Noticed a spiny frog
   280 | D        | Noticed a seven-headed hydra
   285 | D        | Killed an eight-headed hydra
   285 | D        | Reached skill level 1 in Evocations
   285 | D        | Reached XP level 9. HP: 95/95 MP: 8/8
   289 | D        | Reached skill level 16 in Polearms
   292 | D        | Noticed a komodo dragon
   294 | D        | Reached skill level 1 in Stealth
   296 | D        | Received a gift from Trog
   297 | D        | Killed a spiny frog
   297 | D        | Reached skill level 15 in Fighting
   305 | D        | Killed a komodo dragon
   319 | D        | Reached skill level 17 in Polearms
   342 | D        | Noticed a torpor snail
   342 | D        | Noticed a spiny frog
   342 | D        | Noticed a black mamba
   342 | D        | Noticed a spiny frog
   346 | D        | Killed a spiny frog
   348 | D        | Killed a black mamba
   349 | D        | Killed a spiny frog
   351 | D        | Killed a torpor snail
   351 | D        | Received a gift from Trog
   351 | D        | Reached XP level 10. HP: 107/107 MP: 10/10
   352 | D        | Noticed a spiny frog
   359 | D        | Killed a spiny frog
   359 | D        | Reached skill level 18 in Polearms
   395 | D        | Reached skill level 10 in Armour
   438 | D        | Noticed Grum
   439 | D        | Reached ****** piety under Trog
   439 | D        | Received a gift from Trog
   448 | D        | Killed Grum
   457 | D        | Reached skill level 19 in Polearms
   493 | D        | Noticed Harold
   507 | D        | Killed Harold
   546 | D        | Received a gift from Trog
   571 | D        | Received a gift from Trog
   589 | D        | Noticed an orc knight
   589 | D        | Noticed an orc knight
   597 | D        | Killed an orc knight
   604 | D        | Killed an orc knight
   613 | D        | Received a gift from Trog
   613 | D        | Reached XP level 11. HP: 102/117 MP: 6/11
   630 | D        | Reached skill level 20 in Polearms
   641 | D        | Found Amadiokk's Magic Scroll Boutique.
   641 | D        | Noticed an orc knight
   641 | D        | Noticed an orc knight
   641 | D        | Noticed an orc high priest
   641 | D        | Noticed an orc high priest
   641 | D        | Noticed an orc high priest
   643 | D        | Noticed an orc high priest
   647 | D        | Killed an orc high priest
   649 | D        | Killed an orc high priest
   649 | D        | Received a gift from Trog
   651 | D        | Noticed a sixfirhy
   652 | D        | Killed an orc high priest
   656 | D        | Killed an orc knight
   657 | D        | Found Zangun's Magic Scroll Shop.
   661 | D        | Noticed an orc knight
   665 | D        | Killed an orc knight
   669 | D        | Killed an orc high priest
   670 | D        | Noticed an orc high priest
   672 | D        | Killed an orc knight
   672 | D        | Reached skill level 21 in Polearms
   674 | D        | Found Baisiv's Magic Scroll Boutique.
   674 | D        | Killed an orc high priest
   676 | D        | Noticed an orc knight
   678 | D        | Found Guimigh's Weapon Shop.
   681 | D        | Noticed an orc high priest
   683 | D        | Noticed an orc knight
   685 | D        | Killed an orc knight
   687 | D        | Noticed an orc knight
   691 | D        | Killed an orc high priest
   693 | D        | Killed an orc knight
   695 | D        | Noticed an orc high priest
   695 | D        | Killed an orc knight
   701 | D        | Killed an orc high priest
   705 | D        | Bought 18 bolts for 39 gold pieces
   705 | D        | Bought the +11 arbalest of Youthful Indiscretion {freeze, *Slow Int+6 Stlth+} for 878 gold pieces
   711 | D        | Bought a scroll of acquirement for 624 gold pieces
   711 | D        | Bought a scroll of fog for 24 gold pieces
   711 | D        | Bought a scroll of blinking for 90 gold pieces
   711 | D        | Bought a scroll of magic mapping for 42 gold pieces
   711 | D        | Bought a scroll of immolation for 42 gold pieces
   711 | D        | Bought a scroll of enchant weapon for 90 gold pieces
   711 | D        | Bought a scroll of immolation for 42 gold pieces
   832 | D        | Got the +5 morningstar "Naihaf" {holy, rPois MR- SInv Stlth+}
   843 | D        | Got the +0 leather armour of the Ageless Spirits {+Inv rN+ Str+3 Dex+7}
   872 | D        | Noticed a tengu warrior
   875 | D        | Received a gift from Trog
   888 | D        | Reached skill level 22 in Polearms
   917 | D        | Killed a tengu warrior
   921 | D        | Noticed an ogre mage
   922 | D        | Noticed a rakshasa
   923 | D        | Noticed an ogre mage
   926 | D        | Killed an ogre mage
   932 | D        | Noticed a swamp dragon
   933 | D        | Killed a rakshasa
   934 | D        | Noticed a deep troll earth mage
   935 | D        | a swamp dragon changed into a torpor snail
   936 | D        | Killed an ogre mage
   936 | D        | Received a gift from Trog
   948 | D        | Killed a deep troll earth mage
   948 | D        | Reached XP level 12. HP: 124/130 MP: 12/12
   998 | D        | Noticed Nergalle
  1002 | D        | Killed Nergalle
  1002 | D        | Reached skill level 23 in Polearms
  1054 | D        | Noticed a merfolk aquamancer
  1054 | D        | Noticed a merfolk javelineer
  1054 | D        | Noticed a merfolk avatar
  1059 | D        | Killed a merfolk avatar
  1059 | D        | Received a gift from Trog
  1061 | D        | Killed a merfolk aquamancer
  1067 | D        | Killed a merfolk javelineer
  1079 | D        | Received a gift from Trog
  1097 | D        | Noticed a nagaraja
  1106 | D        | Killed a nagaraja
  1106 | D        | Reached skill level 24 in Polearms
  1111 | D        | Received a gift from Trog
  1148 | D        | Noticed an alligator
  1150 | D        | Killed an alligator
  1153 | D        | Received a gift from Trog
  1154 | D        | Noticed an eight-headed hydra
  1163 | D        | Killed an 11-headed hydra
  1166 | D        | Received a gift from Trog
  1191 | D        | Reached skill level 25 in Polearms
  1199 | D        | Received a gift from Trog
  1261 | D        | Noticed Rupert
  1270 | D        | Killed Rupert
  1270 | D        | Received a gift from Trog
  1270 | D        | Reached skill level 10 in Dodging
  1270 | D        | Reached XP level 13. HP: 126/145 MP: 13/13
  1340 | D        | Noticed an ettin
  1340 | D        | Noticed an ettin
  1340 | D        | Noticed a stone giant
  1354 | D        | Killed a stone giant
  1360 | D        | Noticed an ettin
  1360 | D        | Killed an ettin
  1360 | D        | Received a gift from Trog
  1364 | D        | Killed an ettin
  1367 | D        | Killed an ettin
  1375 | D        | Noticed a brown very ugly thing
  1381 | D        | Killed a brown very ugly thing
  1381 | D        | Received a gift from Trog
  1381 | D        | Reached skill level 26 in Polearms
  1383 | D        | Noticed a golden dragon
  1390 | D        | Noticed a frost giant
  1393 | D        | Killed a golden dragon
  1393 | D        | Reached skill level 1 in Throwing
  1397 | D        | Noticed a stone giant
  1404 | D        | Killed a frost giant
  1404 | D        | Reached skill level 15 in Armour
  1409 | D        | Killed a stone giant
  1567 | D        | Got a twisted glaive {god gift}
  1568 | D        | Identified the +4 glaive "Waxiddiff" {venom, Dex+2} (Trog gifted it to you in the Dungeon)
  1743 | D        | Noticed Sojobo
  1743 | D        | Noticed a deep elf annihilator
  1743 | D        | Noticed a sphinx
  1745 | D        | Killed a deep elf annihilator
  1745 | D        | Received a gift from Trog
  1791 | D        | Killed Sojobo
  1793 | D        | Killed a sphinx
  1793 | D        | Reached XP level 14. HP: 73/160 MP: 14/14
  1798 | D        | Noticed a tengu reaver
  1798 | D        | Noticed Ereshkigal
  1842 | D        | Paralysed by Ereshkigal for 2 turns
  1849 | D        | Paralysed by Ereshkigal for 2 turns
  1853 | D        | Paralysed by Ereshkigal for 3 turns
  1863 | D        | Slain by Ereshkigal

Vault maps used:
D:        linesprint

Skill      XL: |  1  2  3  4  5  6  7  8  9 10 11 12 13 14 |
---------------+-------------------------------------------+-----
Fighting       | 6 9 12 14 15 17 19 22 24 25 | 25.0
Polearms       | 6 7 9 10 13 15 17 19 22 25 26 | 26.0
Armour         | 3 4 5 6 7 8 9 10 12 13 17 | 17.2
Dodging        | 3 4 6 7 8 9 10 12 | 12.7
Evocations     | 1 2 |  2.5
Stealth        | 1 3 4 |  4.7
Throwing       | 1 |  1.3

Action                   |  1- 3 |  4- 6 |  7- 9 | 10-12 | 13-15 || total
-------------------------+-------+-------+-------+-------+-------++-------
Melee: Spear             |    25 |     1 |       |       |       ||    26
       Headbutt          |     4 |       |     7 |    31 |    13 ||    55
       Halberd           |       |     2 |    48 |       |       ||    50
       Glaive            |       |       |       |   251 |    91 ||   342
Throw: Javelin           |       |       |       |     1 |       ||     1
Invok: Berserk           |     1 |       |       |       |       ||     1
       Brothers in Arms  |       |       |     3 |     8 |     6 ||    17
       Trog's Hand       |       |       |       |     7 |     4 ||    11
Evoke: Wand              |       |     2 |     1 |       |       ||     3
  Use: Scroll            |       |       |       |     1 |       ||     1
       Potion            |       |       |       |       |    13 ||    13
 Stab: Distracted        |       |       |     1 |     1 |     1 ||     3
  Eat: Chunk             |       |       |       |     6 |     3 ||     9
       Ration            |       |       |       |     1 |     1 ||     2
Armor: Animal skin       |     3 |       |       |       |       ||     3
       Scale mail        |       |       |    10 |       |       ||    10
       Chain mail        |       |       |    12 |    70 |    20 ||   102
Dodge: Dodged            |     9 |     2 |    14 |    73 |    20 ||   118

Table legend:
 A = Spawn XP
 B = Non-spawn XP
 C = Spawn XP percentage of total XP
 D = Spawn monster count
 E = Non-spawn monster count
 F = Spawn count percentage of total count
 G = Total turns spent on level
                    A         B        C        D         E        F      G
               +---------+---------+-------+---------+---------+-------+---------
         Total |       0 |   66365 |   0.0 |       0 |     167 |   0.0 |  1863
               +---------+---------+-------+---------+---------+-------+---------
             D |       0 |   66365 |   0.0 |       0 |     167 |   0.0 |  1863
               +---------+---------+-------+---------+---------+-------+---------
